 Dungeon Crawl Stone Soup version 0.19.4-10-g532645f (webtiles) character file.

6736 belara the Cleaver (level 10, -12/77 HPs)
             Began as a Demonspawn Berserker on Feb 25, 2017.
             Was a High Priest of Trog.
             Mangled by a hill giant
             ... wielding a +0 giant club
              (28 damage)
             ... on level 10 of the Dungeon.
             The game lasted 01:51:56 (11931 turns).

belara the Cleaver (Demonspawn Berserker)          Turns: 11931, Time: 01:51:56

Health: -12/77     AC: 10    Str: 21    XL:     10   Next: 75%
Magic:  0/10       EV: 10    Int:  8    God:    Trog [*****.]
Gold:   727        SH:  6    Dex: 13    Spells: 0 memorised, 9 levels left

rFire  . . .     SeeInvis .     a - +1 hand axe (protect)
rCold  . . .     Gourm    .     h - +4 scale mail
rNeg   . . .     Faith    +     (no shield)
rPois  .         Spirit   +     (no helmet)
rElec  .         Reflect  .     (no cloak)
rCorr  .         Harm     .     (no gloves)
MR     +....                    (no boots)
Stlth  ..........               y - amulet of faith
                                (no ring)
                                (no ring)

@: exhausted, slowed, very slow
A: claws 1, talons 2, large bone plates 2, blink, magic resistance 1, robust 1,
magic shield, rot immunity
a: Blink, Berserk, Trog's Hand, Brothers in Arms, Burn Spellbooks, Renounce
Religion


You were on level 10 of the Dungeon.
You worshipped Trog.
Trog was extremely pleased with you.
You were not hungry.

You visited 1 branch of the dungeon, and saw 9 of its levels.
You also visited: Ossuary.

You collected 727 gold pieces.

Inventory:

Hand Weapons
 a - a +1 hand axe of protection (weapon)
 p - a cursed +2 battleaxe
 q - a +0 blowgun (quivered)
 E - a +0 war axe
Missiles
 v - 42 poisoned needles
Armour
 b - a +0 animal skin
 f - a +0 ring mail
 h - a +4 scale mail (worn)
 F - a +0 plate armour
Jewellery
 k - an uncursed amulet of magic regeneration
 s - an uncursed amulet of inaccuracy
 y - an amulet of faith (around neck)
Wands
 n - a wand of lightning (8/15)
 r - a wand of teleportation (9/9)
 w - a wand of hasting (6/9)
 A - a wand of paralysis (7/24)
 D - a wand of flame (22/48)
Scrolls
 d - 7 scrolls of remove curse
 e - 10 scrolls of identify
 g - 2 scrolls of teleportation
 x - a scroll of enchant weapon
 z - a scroll of magic mapping
 G - a scroll of enchant armour
Potions
 i - 2 potions of agility
 m - 3 potions of brilliance
 t - 2 potions of beneficial mutation
 C - a potion of might
Comestibles
 c - a bread ration
 j - a royal jelly
 o - 5 beef jerkies
 u - 2 meat rations


   Skills:
 - Level 3.0 Fighting
 + Level 14.6 Axes
 - Level 1.7 Armour
 - Level 1.7 Dodging


You had 9 spell levels left.
You didn't know any spells.

Dungeon Overview and Level Annotations

Branches:
Dungeon (10/15)            Temple (0/1) D:5             Orc (0/2) D:9
   Lair: D:8-11

Altars:
Ashenzari
Cheibriados
Elyvilon
Fedhas
Hepliaklqana
Makhleb
Okawaru
Ru
Sif Muna
Uskayaw

Shops:
D:4 [%=*   D:9 %

Annotations:
D:9 exclusion: ice statue


Innate Abilities, Weirdness & Mutations

You have razor-sharp toenails.
You are mostly covered in large bone plates. (SH +6)
When hurt, damage is shared between your health and your magic reserves.
You are immune to rotting.
You have sharp fingernails.
You can translocate small distances at will.
You are resistant to hostile enchantments. (MR+)
You are robust. (+10% HP)


Message History

The hill giant barely misses you.
You continue eating.
Something hits you!
* * * LOW HITPOINT WARNING * * *
You continue eating.
You feel your anger subside.
You are no longer berserk.
You are exhausted.
You feel yourself slow down. Something completely misses you.
The hill giant misses you.
You finish eating.
That bread ration really hit the spot!
Okay, then.
Okay, then.
Evoke which item? (* to show all) (? for menu, Esc to quit)
Okay, then.
Your iron troll goes berserk!
You feel quite a bit more hungry. Something completely misses you.
Something hits you.
* * * LOW HITPOINT WARNING * * *
The hill giant hits you with a giant club!!
You die...

#..
#########..P.P.P...P
#.#
#..........P♣♣♣..P♣♣
#. #.###..##...♣
P.P♣ #.#........P♣
P.P♣ #.#.#..###....
..P #......# #.....(
... #.###...#.#
#...PP. ..
#...T.....# #..♣♣♣.
#####.@.#.# P♣
##C##... ... .#.#
......#.# .#..>## #
##..... ##.#. .....


You could see a hill giant and a friendly iron troll (berserk).

Vanquished Creatures
  3 hill giants (D:10)
  2 hippogriffs
  Sigmund (D:2)
  3 yaks (D:9)
  2 hungry ghosts
  Menkaure (D:7)
  A soldier ant (D:7)
  2 water moccasins (D:10)
  A black bear (D:9)
  2 orc warriors
  3 ice beasts
  3 phantoms
  2 ogres
  A sky beast (D:7)
  4 centaurs
  A crocodile (D:9)
  4 big kobolds
  5 bullfrogs
  3 scorpions
  2 wights (D:7)
  8 crimson imps
  2 jellies
  5 hounds
  An orc priest (D:7)
  A bullfrog skeleton (D:8)
  2 iguanas
  6 orc wizards
  5 worker ants
  A big kobold zombie (Ossuary)
  8 mummies (Ossuary)
  10 gnolls
  13 adders
  2 shadow imps
  2 oozes (D:2)
  2 adder skeletons
  A worm (D:2)
  6 dart slugs
  6 leopard geckos
  40 orcs
  2 ball pythons (D:3)
  6 bats
  6 giant cockroaches
  6 goblins
  7 hobgoblins
  10 jackals
  29 kobolds
  3 quokkas
  6 frilled lizards
  A gnoll zombie (Ossuary)
  3 hobgoblin zombies (Ossuary)
  A kobold zombie (Ossuary)
  2 orc zombies (Ossuary)
  5 rats (D:1)
254 creatures vanquished.

Vanquished Creatures (collateral kills)
  An orc priest (D:9)
  2 orcs (D:9)
3 creatures vanquished.

Grand Total: 257 creatures vanquished

Notes
Turn   | Place    | Note
-------+----------+-------------------------------------------
     0 | D:1      | belara the Demonspawn Berserker began the quest for the Orb.
     0 | D:1      | Reached XP level 1. HP: 18/18 MP: 1/1
   106 | D:1      | Reached skill level 3 in Axes
   249 | D:1      | Gained mutation: When hurt, damage is shared between your health and your magic reserves. [demonic ancestry]
   249 | D:1      | Reached XP level 2. HP: 22/24 MP: 2/2
   536 | D:1      | Found an iron altar of Okawaru.
   797 | D:1      | Reached ** piety under Trog
   797 | D:1      | Gained mutation: You have sharp toenails. [demonic ancestry]
   797 | D:1      | Reached XP level 3. HP: 29/29 MP: 3/3
   957 | D:1      | Reached skill level 4 in Axes
  1492 | D:2      | Gained mutation: You are partially covered in large bone plates. (SH +4) [demonic ancestry]
  1492 | D:2      | Reached XP level 4. HP: 35/35 MP: 4/4
  1526 | D:2      | Found a burning altar of Makhleb.
  1743 | D:2      | Found a white marble altar of Elyvilon.
  1744 | D:2      | Noticed Sigmund
  1758 | D:2      | Killed Sigmund
  1758 | D:2      | Reached skill level 6 in Axes
  1758 | D:2      | Reached XP level 5. HP: 41/41 MP: 5/5
  1888 | D:2      | Found a hide-covered altar of Uskayaw.
  1888 | D:2      | Found a hazy altar of Hepliaklqana.
  1894 | D:2      | Found a snail-covered altar of Cheibriados.
  1903 | D:2      | Found a deep blue altar of Sif Muna.
  2386 | D:3      | Gained mutation: You have razor-sharp toenails. [demonic ancestry]
  2386 | D:3      | Reached XP level 6. HP: 47/47 MP: 6/6
  2918 | D:3      | Found a shattered altar of Ashenzari.
  3070 | D:4      | Found Akaru's Food Shop.
  3070 | D:4      | Found Izaruwidgh's Assorted Antiques.
  3200 | D:4      | Reached *** piety under Trog
  3284 | D:4      | Found Usmammu's Jewellery Emporium.
  3321 | D:4      | Reached skill level 7 in Axes
  3382 | D:4      | Found Warhea Masie's Armour Shoppe.
  3740 | D:4      | Gained mutation: You are mostly covered in large bone plates. (SH +6) [demonic ancestry]
  3740 | D:4      | Reached XP level 7. HP: 46/52 MP: 5/7
  3872 | D:5      | Entered Level 5 of the Dungeon
  3924 | D:5      | Found a sand-covered staircase.
  3934 | Ossuary  | Entered an ossuary
  3995 | Ossuary  | Reached skill level 8 in Axes
  4624 | D:5      | Gained mutation: You have sharp fingernails. [potion of mutation]
  4624 | D:5      | Gained mutation: You are robust. (+10% HP) [potion of mutation]
  4624 | D:5      | Gained mutation: You are resistant to hostile enchantments. (MR+) [potion of mutation]
  4625 | D:5      | Gained mutation: You can translocate small distances at will. [potion of beneficial mutation]
  4730 | D:5      | You fall through a shaft for 2 floors!
  4730 | D:7      | Noticed a hippogriff
  4740 | D:7      | Killed a hippogriff
  5047 | D:7      | Reached skill level 9 in Axes
  5047 | D:7      | Reached XP level 8. HP: 27/63 MP: 2/8
  5226 | D:7      | Noticed Menkaure
  5234 | D:7      | Killed Menkaure
  5294 | D:7      | Reached **** piety under Trog
  5495 | D:7      | Reached skill level 10 in Axes
  6227 | D:7      | Received a gift from Trog
  6510 | D:7      | Found a sacrificial altar of Ru.
  6525 | D:7      | Reached skill level 11 in Axes
  6531 | D:7      | Gained mutation: You are immune to rotting. [demonic ancestry]
  6531 | D:7      | Reached XP level 9. HP: 69/69 MP: 9/9
  6834 | D:7      | Found an iron altar of Okawaru.
  8141 | D:8      | Reached skill level 12 in Axes
  9099 | D:9      | Found a staircase to the Orcish Mines.
  9288 | D:9      | Reached ***** piety under Trog
  9309 | D:9      | HP: 2/69 [orc priest/divine providence (12)]
  9602 | D:9      | Found Haenuino's Food Shop.
  9666 | D:9      | Reached skill level 13 in Axes
 10029 | D:9      | Reached XP level 10. HP: 75/77 MP: 10/10
 10514 | D:9      | Found a blossoming altar of Fedhas.
 10621 | D:9      | Noticed an ice statue
 11016 | D:10     | Entered Level 10 of the Dungeon
 11074 | D:10     | Noticed a hill giant
 11077 | D:10     | Noticed a hill giant
 11086 | D:10     | Killed a hill giant
 11091 | D:10     | Killed a hill giant
 11091 | D:10     | Reached skill level 14 in Axes
 11557 | D:10     | Noticed a hill giant
 11578 | D:10     | Killed a hill giant
 11915 | D:10     | Noticed a hill giant
 11931 | D:10     | Mangled by a hill giant

Skill      XL: |  1  2  3  4  5  6  7  8  9 10 |
---------------+-------------------------------+-----
Axes           | 3 4 6 7 9 11 13 14 | 14.6
Fighting       | |  3.0
Armour         | |  1.7
Dodging        | |  1.7

Action                   |  1- 3 |  4- 6 |  7- 9 | 10-12 || total
-------------------------+-------+-------+-------+-------++-------
Melee: Hand axe          |   121 |   257 |   623 |   328 ||  1329
       Kick              |    18 |    62 |   174 |   111 ||   365
Invok: Berserk           |     2 |     1 |     5 |     3 ||    11
       Trog's Hand       |       |     1 |     1 |     1 ||     3
       Brothers in Arms  |       |       |     1 |     2 ||     3
       Burn Spellbooks   |       |       |       |     1 ||     1
  Use: Scroll            |       |    11 |     3 |     2 ||    16
       Potion            |       |     3 |     8 |     5 ||    16
 Stab: Paralysed         |       |       |     1 |       ||     1
  Eat: Chunk             |     4 |     7 |     6 |     3 ||    20
       Bread ration      |       |       |     5 |     2 ||     7
       Meat ration       |       |       |     1 |       ||     1
       Beef jerky        |       |       |     1 |     2 ||     3
Armor: Animal skin       |     4 |       |       |       ||     4
       Scale mail        |    49 |    92 |   131 |   110 ||   382
       Ring mail         |     6 |       |       |       ||     6
Dodge: Dodged            |    78 |   106 |   151 |    89 ||   424
Block: Other             |       |    41 |   115 |    57 ||   213
